 Dungeon Crawl Stone Soup version 0.29.0-4-gdea44cf6ec (webtiles) character file.

Game seed: 7474150550856246790

9 qw the Sneak (level 2, 0/19 HPs)
             Began as a Gargoyle Delver on Sept 10, 2022.
             Slain by a phantom (4 damage)
             ... on level 6 of the Dungeon.
             The game lasted 00:00:05 (97 turns).

qw the Sneak (Gargoyle Delver)                        Turns: 97, Time: 00:00:06

Health: 0/19       AC:  5    Str: 15    XL:     2   Next: 16%
Magic:  2/2        EV: 11    Int: 10    God:
Gold:   14         SH:  0    Dex: 11    Spells: 1/1 levels left

rFire   . . .      SeeInvis .   a - +0 hand axe
rCold   . . .      Faith    .   (no shield)
rNeg    + . .      Spirit   .   b - +0 leather armour
rPois   inf        Reflect  .   (no helmet)
rElec   +          Harm     .   (no cloak)
rCorr   .          Rampage  .   (no gloves)
Will    .....                   (no boots)
Stlth   +++.......              (no amulet)
HPRegen 0.06/turn               (no ring)
MPRegen 0.08/turn               (no ring)

@: no status effects
A: sickness immunity, AC +2, negative energy resistance 1, electricity
resistance, torment resistance 1, petrification resistance
a: no special abilities


You were on level 6 of the Dungeon.
You visited 1 branch of the dungeon, and saw 2 of its levels.

You collected 14 gold pieces.


Innate Abilities, Weirdness & Mutations

You are immune to sickness and miasma.
Your stone body is resilient. (AC +2)
You are immune to poison.
You resist negative energy. (rN+)
You are resistant to electric shocks. (rElec)
You are resistant to unholy torment.
You are immune to petrification.


   Skills:
 - Level 3.2 Fighting
 + Level 2.5 Axes
 - Level 1.5 Dodging
 - Level 5.4 Stealth


You had one spell level left.
You didn't know any spells.
Your spell library was empty.

Inventory:

Hand Weapons
 a - a +0 hand axe (weapon)
Armour
 b - a +0 leather armour (worn)
Wands
 g - a wand of digging (3)
Potions
 f - a potion of haste

Dungeon Overview and Level Annotations

Branches:
Dungeon (6/15)
 Temple: D:4-7

Altars:
Kikubaaqudgha
Wu Jian


Message History

The phantom hits you.
The phantom blinks!
You blink.
A gnoll comes into view. It is wielding a +0 spear.
The phantom hits you.
You miss the phantom.
The phantom is lightly damaged.
The phantom closely misses you.
You closely miss the phantom.
The phantom is lightly damaged.
The phantom barely misses you.
You barely miss the phantom.
The phantom is lightly damaged.
The phantom hits you but does no damage.
91 ||| Stepping ~*~*~tactically~*~*~ (stealth).
A gnoll comes into view. It is wielding a +0 club.
You see here a +0 spear.
You barely miss the phantom.
The phantom is lightly damaged.
The gnoll shouts!
The phantom closely misses you.
You hit the phantom.
The phantom is lightly damaged.
A gnoll comes into view. It is wielding a +0 whip.
The phantom barely misses you. The phantom closely misses you.
94 ||| Stepping ~*~*~tactically~*~*~ (stealth).
A hound comes into view.
The hound barks!
You hit the phantom.
The phantom is moderately damaged.
You hit the gnoll. The phantom barely misses you. The gnoll barely misses you.
You barely miss the phantom.
The phantom is moderately damaged.
The gnoll shouts!
You hit the gnoll. The phantom closely misses you. The gnoll barely misses you.
You closely miss the phantom.
The phantom is moderately damaged.
You hit the gnoll. The phantom hits you.
You die...

####### #)....#
#.....# # ..
#.....#.#...
#.....#.#g..
#...../...g.
#..)Wg#$....
#...@h......
########........#
#......#..##....#
#......#..# #...:
#......#..###....
#####...............#
..................###
.##......#.<....#
.....##%##....<...#


You could see a phantom, a hound and 2 gnolls.

Vanquished Creatures
  An adder (D:6)
1 creature vanquished.

Notes
Turn   | Place    | Note
-------+----------+-------------------------------------------
     0 | D:5      | qw the Gargoyle Delver began the quest for the Orb.
     0 | D:5      | Reached XP level 1. HP: 14/14 MP: 1/1
     0 | D:5      | 0 ||| qw: Version: 0.1-a-116-g5d60599
     0 | D:5      | 0 ||| qw: Game counter: 8894
     0 | D:5      | 0 ||| qw: Always use a shield: true
     0 | D:5      | 0 ||| qw: God list: Okawaru
     0 | D:5      | 0 ||| qw: Allow faded altars: false
     0 | D:5      | 0 ||| qw: Do Orc after D:15 true
     0 | D:5      | 0 ||| qw: Do second Lair branch before Depths: true
     0 | D:5      | 0 ||| qw: Lair rune preference: random
     0 | D:5      | 0 ||| qw: Plans: Normal
     0 | D:5      | 0 ||| PLANNING D:1-11
     2 | D:5      | Found an ancient bone altar of Kikubaaqudgha.
    10 | D:5      | 10 ||| DROPPING scroll of fog.
    11 | D:5      | 11 ||| DROPPING scroll of magic mapping.
    12 | D:5      | 12 ||| DROPPING scroll of fear.
    25 | D:6      | 25 ||| PLANNING OSSUARY
    30 | D:6      | Found an ornate altar of the Wu Jian Council.
    44 | D:6      | Reached XP level 2. HP: 17/19 MP: 2/2
    47 | D:6      | Noticed a phantom
    48 | D:6      | 48 ||| FLEEEEING.
    49 | D:6      | 49 ||| FLEEEEING.
    50 | D:6      | 50 ||| FLEEEEING.
    54 | D:6      | 54 ||| STAIRDANCE
    78 | D:6      | 78 ||| Stepping ~*~*~tactically~*~*~ (stealth).
    79 | D:6      | Noticed a phantom
    87 | D:6      | HP: 4/19 [phantom (4)]
    91 | D:6      | 91 ||| Stepping ~*~*~tactically~*~*~ (stealth).
    94 | D:6      | 94 ||| Stepping ~*~*~tactically~*~*~ (stealth).
    97 | D:6      | Slain by a phantom

Levels and vault maps discovered:
D:5:      nicolae_cairo_tiling_large, layout_rooms,
          nicolae_overflow_hidden_temple, minmay_temple_entry_overgrown
D:6:      layout_rooms, nicolae_wu_jian_wuxing_cycle,
          ashenzari_conservatory_becter, nicolae_ossuary_entry_monument

Skill      XL: |  1 |
---------------+----+-----
Axes           | 2 |  2.5
Fighting       | |  3.2
Dodging        | |  1.5
Stealth        | |  5.4

Action                   || total
-------------------------++-------
Melee: Hand axe          ||    17
Armor: Leather armour    ||     3
Dodge: Dodged            ||    12

Table legend:
 A = Non-vault XP
 B = Vault XP
 C = Vault XP percentage of total XP
 D = Non-vault monster count
 E = Vault monster count
 F = Vault count percentage of total count
                 A         B        C        D         E       F
            +---------+---------+-------+---------+---------+-------
      Total |      14 |       0 |   0.0 |       1 |       0 |   0.0
            +---------+---------+-------+---------+---------+-------
        D:6 |      14 |       0 |   0.0 |       1 |       0 |   0.0
            +---------+---------+-------+---------+---------+-------
